 Dungeon Crawl Stone Soup version 0.29-a0-330-g52719c12eb (webtiles) character file.

Game seed: 10325203336150368472

114 kae the Poker (level 4, -1/33 HPs)
             Began as a Merfolk Gladiator on Apr 20, 2022.
             Killed from afar by Ijyb (11 damage)
             ... with an iceblast
             ... on level 2 of the Dungeon.
             The game lasted 00:01:55 (2293 turns).

kae the Poker (Merfolk Gladiator)                   Turns: 2293, Time: 00:01:56

Health: -1/33      AC:  5    Str: 16    XL:     4   Next: 97%
Magic:  4/4        EV: 13    Int:  7    God:
Gold:   50         SH:  0    Dex: 15    Spells: 3/3 levels left

rFire   . . .      SeeInvis .   a - +0 trident
rCold   . . .      Faith    .   (no shield)
rNeg    . . .      Spirit   .   b - +0 leather armour
rPois   .          Reflect  .   c - +0 helmet
rElec   .          Harm     .   (no cloak)
rCorr   .          Rampage  .   (no gloves)
Will    .....                   j - +0 pair of boots
Stlth   +.........              (no amulet)
HPRegen 0.11/turn               f - ring of wizardry
MPRegen 0.09/turn               (no ring)

@: no status effects
A: (nimble swimmer 2), mertail
a: no special abilities


You were on level 2 of the Dungeon.
You visited 1 branch of the dungeon, and saw 3 of its levels.

You collected 50 gold pieces.

Inventory:

Hand Weapons
 a - a +0 trident (weapon)
Missiles
 d - 3 throwing nets (quivered)
 e - a javelin
 i - 3 silver javelins
Armour
 b - a +0 leather armour (worn)
 c - a +0 helmet (worn)
 j - a +0 pair of boots (worn)
 t - the +0 robe "Ifisitemo" {Fly rElec Int-2 SInv}
   (You found it on level 3 of the Dungeon)

   Int:       It affects your intelligence (-2).
   rElec:     It insulates you from electricity.
   SInv:      It lets you see invisible.
   Fly:       It grants you flight.
Jewellery
 f - a ring of wizardry (left hand)
 g - an amulet of reflection
 h - an amulet of the acrobat
Scrolls
 n - 2 scrolls of enchant armour {unknown}
 o - a scroll of vulnerability {unknown}
 p - a scroll of silence {unknown}
 s - 2 scrolls of fear {unknown}
Potions
 l - a potion of brilliance
 m - a potion of curing {unknown}


   Skills:
 - Level 2.1 Fighting
 + Level 7.3 Polearms
 - Level 2.0 Throwing
 - Level 4.0 Dodging


You had 3 spell levels left.
You didn't know any spells.
Your spell library contained the following spells:

 Spells                   Type           Power      Damage    Failure   Level
 Animate Skeleton         Necr           0%         N/A       22%         1
 Pain                     Necr           0%         1d4       22%         1
 Gell's Gravitas          Tloc           0%         N/A       52%         3
 Lesser Beckoning         Tloc           0%         N/A       52%         3
 Teleport Other           Tloc           0%         N/A       52%         3
 Vampiric Draining        Necr           0%         2d6       52%         3
 Airstrike                Air            0%         N/A       89%         4
 Summon Lightning Spire   Summ/Air       0%         N/A       89%         4
 Lightning Bolt           Conj/Air       0%         1d11      99%         5
 Summon Forest            Summ/Tloc      0%         N/A       99%         5
 Summon Mana Viper        Hex/Summ       0%         N/A       99%         5
 Summon Cactus Giant      Summ           0%         N/A       100%        6


Dungeon Overview and Level Annotations

Branches:
Dungeon (3/15)

Altars:
Sif Muna

Shops:
D:3 :

Annotations:
D:2 Ijyb, Sigmund
D:3 Terence


Innate Abilities, Weirdness & Mutations

((You are very nimble when in or above water. (Stealth+, EV+, Speed+++)))
Your lower body shifts to a powerful aquatic tail in water.


Message History

The kobold shouts!
You hit Terence.
Terence is severely wounded.
Terence hits you with a +0 flail! Ijyb hits you with a +0 dagger.
You are too injured to fight recklessly!
You are too injured to fight recklessly!
You are too injured to fight recklessly!
You are too injured to fight recklessly!
You are too injured to fight recklessly!
Okay, then.
Okay, then.
As you read the scroll labelled CYBOAH XAXY, it crumbles to dust.
Wisps of shadow whirl around you...
It was a scroll of summoning.
Terence barely misses you.
As you read the scroll labelled WOQIMI MUONI, it crumbles to dust.
It is a scroll of identify.
l - a potion of brilliance Terence looks scornfully at you.
Terence barely misses you.
Blink to where?
Press: ? - help, Dir - move target
As you read the scroll labelled FYACHIFRI, it crumbles to dust.
It was a scroll of blinking.
Your rat closely misses Terence.
Ijyb barely misses you.
There is a stone staircase leading up here.
Ijyb hits you with a +0 dagger.
Your hobgoblin hits Ijyb.
You climb upwards.
Your summoned ally is left behind.
Level annotation: Sigmund
There is a stone staircase leading down here.
Sigmund shouts!
You hit Ijyb.
Ijyb is moderately wounded.
Ijyb hits you but does no damage. Ijyb barely misses you.
Okay, then.
Ijyb hits you but does no damage.
Things that are here:
2 poisoned darts; a +0 spear Ijyb zaps a wand.
The mass of ice explodes!
The iceblast engulfs you!
You die...

#.##......##..# #..<..
#.##..._..##..###.....
#.....................
#####.....##..###.....
#....###..###.....
#######...###...........
#.......................
#.#####...###...###.....
##.###..@.g(..@..........
#.............>..........
##.#####.................
#.# ###.##.....)......
#.# #.##....#....... #.#
#.##............ #.#
#.##..#####.##.. #.#
#.##........##.. #.#
#.##..#####.##..


You could see Sigmund and Ijyb.

Vanquished Creatures
  4 gnolls (D:2)
  2 adders (D:2)
  2 dart slugs
  5 orcs (D:3)
  8 ball pythons
  4 endoplasms (D:2)
  3 giant cockroaches
  4 goblins
  4 hobgoblins
  A kobold (D:2)
  6 bats
  3 frilled lizards (D:1)
  6 rats
52 creatures vanquished.

Notes
Turn   | Place    | Note
-------+----------+-------------------------------------------
     0 | D:1      | kae the Merfolk Gladiator began the quest for the Orb.
     0 | D:1      | Reached XP level 1. HP: 16/16 MP: 1/1
   189 | D:1      | Reached XP level 2. HP: 21/22 MP: 2/2
   572 | D:1      | Reached skill level 5 in Polearms
   671 | D:2      | Found a shimmering blue altar of Sif Muna.
   701 | D:2      | Reached XP level 3. HP: 27/27 MP: 3/3
   927 | D:2      | Reached skill level 6 in Polearms
   931 | D:2      | Reached XP level 4. HP: 12/33 MP: 4/4
  1563 | D:2      | Noticed Sigmund
  1865 | D:3      | Reached skill level 7 in Polearms
  1899 | D:3      | Found Ycsall's Book Shop.
  2238 | D:3      | Identified the +0 robe "Ifisitemo" {Fly rElec Int-2 SInv}
  2266 | D:3      | Noticed Terence
  2266 | D:3      | Noticed Ijyb
  2293 | D:2      | Killed from afar by Ijyb

Illustrated notes

Levels and vault maps discovered:
D:1:      heliophobic_arrival_ceremonial_halls, layout_loops_ring
D:2:      layout_basic, basic_altar, uniq_sigmund
D:3:      layout_basic, serial_shops, shop_fountains, minmay_quadrilaterals,
          uniq_terence, uniq_ijyb

Skill      XL: |  1  2  3  4 |
---------------+-------------+-----
Polearms       | 5 6 7 |  7.3
Fighting       | |  2.1
Throwing       | |  2.0
Dodging        | |  4.0

Action                   |  1- 3 |  4- 6 || total
-------------------------+-------+-------++-------
Melee: Trident           |    57 |    88 ||   145
       Punch             |     1 |       ||     1
  Use: Scroll            |     3 |     3 ||     6
 Stab: Distracted        |     1 |       ||     1
       Sleeping          |       |     2 ||     2
Armor: Leather armour    |    13 |    16 ||    29
Dodge: Dodged            |    31 |    53 ||    84

Table legend: (Time is in decaauts)
 A = Elapsed time spent in this place.
 B = Non-inter-level travel time spent in this place.
 C = Inter-level travel time spent in this place.
 D = Time resting spent in this place.
 E = Time spent auto-exploring this place.
 F = Levels seen in this place.
 G = Mean time per level.
                   A        B        C        D        E       F      G
               +--------+--------+--------+--------+--------+-----+--------+
         Total |   2293 |   2189 |    104 |    181 |   1562 |   3 |  764.3 |
       Dungeon |   2293 |   2189 |    104 |    181 |   1562 |   3 |  764.3 |
               +--------+--------+--------+--------+--------+-----+--------+

Top non-repeatable levels by time:
     D:2: 1026 daAuts
     D:1: 842 daAuts
     D:3: 423 daAuts
